AoeStats
← 027afj

Hideout

507371944Analyzed
1v1 RM · 1mo ago on Sep 17, 2026· 26m 12s· 2 players
Game mode
Random Map
Map size
Tiny (2 player)
Population
200
Speed
Normal
Resources
Standard
Victory
Conquest
Starting age
Dark Age
Ending age
Imperial Age
RankedLock teamsTeams togetherTeam positionsShared explorationLock speedFull tech treeHidden civsTurbo modeCheats
Victory
Defeat
🇺🇸 Magyars · United States
778
+15
vs
🇮🇸 Burgundians · Iceland
763
-15
027afj
0:27 Loom
12:55 Feudal Age
11:15 Double-Bit Axe
11:20 Horse Collar
13:46 Wheelbarrow
23:44 Castle Age
22:39 Scale Barding Armor
slater8808
12:03 Feudal Age
12:07 Man-at-Arms
12:33 Arson
13:51 Loom
16:01 Fletching
16:11 Padded Archer Armor
23:56 Castle Age
23:20 Double-Bit Axe
24:14 Crossbowman
Connection lost

Rejoining the realm…

Still unreachable

The connection could not be restored.

Session expired

The server has moved on; the page needs a fresh start.